 Dungeon Crawl Stone Soup version 0.24-a0-7-g1bb0902 (webtiles) character file.

Game seed: 5843602554418011414

61 Lavandula the Vandal (level 4, -2/27 HPs)
             Began as a Halfling Arcane Marksman on Jan 30, 2019.
             Slain by a hound (4 damage)
             ... on level 4 of the Dungeon.
             The game lasted 00:04:58 (761 turns).

Lavandula the Vandal (Halfling Arcane Marksman)      Turns: 761, Time: 00:04:59

Health: -2/27      AC:  2    Str: 12    XL:     4   Next: 27%
Magic:  3/5        EV: 15    Int: 11    God:
Gold:   54         SH:  0    Dex: 14    Spells: 4/5 levels left

rFire    . . .     SeeInvis .   a - +0 hunting sling
rCold    . . .     Gourm    .   (shield restricted)
rNeg     . . .     Faith    .   e - +0 robe
rPois    .         Spirit   .   (no helmet)
rElec    .         Reflect  .   (no cloak)
rCorr    .         Harm     .   (no gloves)
MR       .....                  (no boots)
Stlth    +.........             (no amulet)
HPRegen  0.09/turn              (no ring)
MPRegen  0.09/turn              (no ring)

@: very slightly contaminated
A: small, mutation resistance 1
a: no special abilities


You were on level 4 of the Dungeon.
You were not hungry.

You visited 1 branch of the dungeon, and saw 4 of its levels.

You collected 54 gold pieces.

Inventory:

Hand Weapons
 a - a +0 hunting sling (weapon)
Missiles
 h - 33 stones (quivered)
Armour
 e - a +0 robe (worn)
Scrolls
 b - a scroll of noise {unknown}
 c - 2 scrolls of identify {unknown}
 i - 3 scrolls of enchant armour {unknown}
 j - a scroll of enchant weapon {unknown}
 l - a scroll of remove curse {unknown}
Potions
 g - a potion of degeneration {unknown}
 k - a potion of haste {unknown}
Comestibles
 f - 8 rations


   Skills:
 - Level 0.8 Fighting
 + Level 6.2 Slings
 - Level 2.1 Dodging
 - Level 1.0 Spellcasting
 - Level 2.4 Hexes


You had 4 spell levels left.
You knew the following spells:

 Your Spells              Type           Power        Failure   Level  Hunger
a - Corona                Hex            #......      12%         1    ##.....

Your spell library contained the following spells:

 Spells                   Type           Power        Failure   Level  Hunger
 Slow                     Hex            #.......     19%         2    ###....
 Inner Flame              Hex/Fire       #.......     52%         3    ####...
 Portal Projectile        Hex/Tloc       #.....       52%         3    ####...
 Cause Fear               Hex            #.........   77%         4    #####..
 Leda's Liquefaction      Hex/Erth       #.........   89%         4    #####..


Dungeon Overview and Level Annotations

Branches:
Dungeon (4/15)
 Temple: D:4-7

Altars:


Innate Abilities, Weirdness & Mutations

You are small and have problems with some larger weapons.
You are somewhat resistant to further mutation.


Message History

Aim: a hound (moderately wounded, softly glowing)
You shoot a stone. The stone hits the hound.
The hound is heavily wounded.
The hound misses you.
Firing (i - inventory)
h - 35 stones (quivered)
Press: ? - help, Shift-Dir - straight line, f/p - hound
Aim: a hound (heavily wounded, softly glowing)
You shoot a stone.
The stone hits the hound but does no damage.
The hound is heavily wounded.
The hound bites you.
* * * LOW HITPOINT WARNING * * *
Firing (i - inventory)
h - 34 stones (quivered)
Press: ? - help, Shift-Dir - straight line, f/p - hound
Aim: a hound (heavily wounded, softly glowing)
You shoot a stone.
The stone hits the hound but does no damage.
The hound is heavily wounded.
The hound bites you.
You die...

#.(....#
#.(....#
####......#
#.........#
#.........#
#....(....#
#....(....#
#....h#####
#....@#
#.....#
#.....#
#.....#
#######


You could see a hound.

Vanquished Creatures
  4 adders
  A leopard gecko (D:1)
  An orc (D:3)
  2 giant cockroaches
  4 goblins
  A hobgoblin (D:3)
  4 kobolds
  4 bats
  2 frilled lizards
  2 rats (D:2)
25 creatures vanquished.

Notes
Turn   | Place    | Note
-------+----------+-------------------------------------------
     0 | D:1      | Lavandula the Halfling Arcane Marksman began the quest for
                  | the Orb.
     0 | D:1      | Reached XP level 1. HP: 12/12 MP: 2/2
   154 | D:2      | Reached XP level 2. HP: 18/18 MP: 3/3
   181 | D:2      | Reached skill level 4 in Slings
   457 | D:3      | Reached skill level 5 in Slings
   457 | D:3      | Reached XP level 3. HP: 22/22 MP: 2/4
   654 | D:3      | Reached XP level 4. HP: 16/27 MP: 3/5
   751 | D:4      | Reached skill level 6 in Slings
   761 | D:4      | Slain by a hound

Vault maps used:
D:1:      roderic_octagonal_star, corexii_corridor_pit
D:2:      first_ration, kennysheep_pointless_box, grunt_dithmenos_smoke
D:3:      okawaru_metal_pillars_1_2, nicolae_qazlal_eye_of_the_storm
D:4:      gammafunk_ghost_necromancy, nicolae_alphabet_shops, uniq_pikel

Skill      XL: |  1  2  3  4 |
---------------+-------------+-----
Slings         | 5 6 |  6.2
Fighting       | |  0.8
Dodging        | |  2.1
Spellcasting   | |  1.0
Hexes          | |  2.4

Action                   |  1- 3 |  4- 6 || total
-------------------------+-------+-------++-------
 Fire: Hunting sling     |   115 |    16 ||   131
 Cast: Corona            |     9 |     2 ||    11
Armor: Robe              |    12 |     1 ||    13
Dodge: Dodged            |    50 |     5 ||    55

Table legend:
 A = Non-vault XP
 B = Vault XP
 C = Vault XP percentage of total XP
 D = Non-vault monster count
 E = Vault monster count
 F = Vault count percentage of total count
                 A         B        C        D         E       F
            +---------+---------+-------+---------+---------+-------
      Total |      88 |       0 |   0.0 |      25 |       0 |   0.0
            +---------+---------+-------+---------+---------+-------
        D:1 |       8 |       0 |   0.0 |       4 |       0 |   0.0
        D:2 |      13 |       0 |   0.0 |      10 |       0 |   0.0
        D:3 |      53 |       0 |   0.0 |      10 |       0 |   0.0
        D:4 |      14 |       0 |   0.0 |       1 |       0 |   0.0
            +---------+---------+-------+---------+---------+-------
